 Dungeon Crawl Stone Soup version 0.31-a0-691-g409c26aa35 (webtiles) character file.

Game seed: 4001538419443098206

1671 qw the Skirmisher (level 9, -1/55 HPs)
             Began as a Gargoyle Hunter on Sept 6, 2023.
             Slain by an unseen horror (7 damage)
             ... on level 6 of the Dungeon.
             The game lasted 00:02:19 (4620 turns).

qw the Skirmisher (Gargoyle Hunter)                 Turns: 4620, Time: 00:02:20

Health: -1/55      AC: 19    Str: 14    XL:     9   Next: 1%
Magic:  9/9        EV: 11    Int:  9    God:
Gold:   91         SH:  0    Dex: 18    Spells: 8/8 levels left

rFire   . . .        e - +0 orcbow
rCold   . . .        (shield currently unavailable)
rNeg    + + .        b - +1 ring mail {Will+}
rPois   inf          g - +0 helmet
rElec   +            d - +2 ratskin cloak {*Rats rPois rN+ Str-1 Int-1 Dex+1}
rCorr   .            a - +0 pair of gloves
SInv    .            m - +0 pair of boots
Will    +....        (no amulet)
Stlth   +            (no ring)
HPRegen 0.29/turn    (no ring)
MPRegen 0.11/turn

%: no passive effects
@: about to teleport
A: sickness immunity, AC +6, negative energy resistance 1, electricity
resistance, torment resistance 1, petrification resistance
a: no special abilities


You were on level 6 of the Dungeon.
You visited 1 branch of the dungeon, and saw 6 of its levels.

You collected 258 gold pieces.
You spent 167 gold pieces at shops.


Innate Abilities, Weirdness & Mutations

You are immune to sickness and miasma.
Your stone body is resilient. (AC +6)
You are immune to poison.
You resist negative energy. (rN+)
You are resistant to electric shocks. (rElec)
You are resistant to unholy torment.
You are immune to petrification.


   Skills:
 - Level 6.0 Fighting
 - Level 10.0 Ranged Weapons
 + Level 3.3 Armour
 - Level 2.1 Dodging
 - Level 1.1 Stealth


You had 8 spell levels left.
You didn't know any spells.
Your spell library was empty.

Inventory:

Hand Weapons
 e - a +0 orcbow (weapon)
Armour
 a - a +0 pair of gloves (worn)
 b - a +1 ring mail of willpower (worn)
 d - the +2 ratskin cloak (worn) {*Rats rPois rN+ Str-1 Int-1 Dex+1}
   (You found it on level 5 of the Dungeon)

   *Rats:     When the wearer is hurt, rats may emerge from it to assist them.
   Str-1:     It affects your strength (-1).
   Int-1:     It affects your intelligence (-1).
   Dex+1:     It affects your dexterity (+1).
   rPois:     It protects you from poison rN+: It protects you from negative
   energy.
 g - a +0 helmet (worn)
 m - a +0 pair of boots (worn)
Jewellery
 c - the amulet "Amopn" {RegenMP Str+5 Int-5 Stlth+}
   (You found it on level 3 of the Dungeon)

   [amulet of magic regeneration]

   RegenMP:   It increases your rate of magic regeneration.
   Str+5:     It affects your strength (+5).
   Int-5:     It affects your intelligence (-5).
   Stlth+:    It makes you more stealthy.
Scrolls
 k - a scroll of identify
Potions
 f - 3 potions of curing
 h - a potion of heal wounds
 l - a potion of attraction {unknown}
 o - a potion of might
 p - a potion of brilliance {unknown}

Dungeon Overview and Level Annotations

Branches:
Dungeon (6/15)
 Temple: D:4-7

Altars:

Shops:
D:2 *   D:4 (!([[


Message History

You shoot an arrow.
The arrow closely misses the orc priest.
Something hits you but does no damage.
Deactivating autopickup; reactivate with Ctrl-A.
The orc priest calls down the wrath of Beogh upon you.
Beogh smites you!
You shoot an arrow. Something barely misses you.
You shoot an arrow.
The arrow hits the orc priest but does no damage.
The orc priest is severely wounded.
Something hits you.
You shoot an arrow. The arrow hits the orc priest!
You kill the orc priest!
Something hits you but does no damage.
You have reached level 9!
Your experience leads to an increase in your attributes!
Your base attributes are Str 15, Int 10, Dex 15.
Increase (S)trength, (I)ntelligence, or (D)exterity?
You feel agile. x2
You shoot an arrow.
You hear a loud, deep croak!
Something completely misses you.
You hear an angry hiss.
You shoot an arrow. Something hits you.
You shoot an arrow.
You hear a loud, deep croak!
Something hits you but does no damage.
You shoot an arrow.
Something hits you but does no damage. x2
An adder comes into view.
A bullfrog comes into view.
The bullfrog hits you!
4620 ||| READING scroll of teleportation.
As you read the scroll of teleportation, it crumbles to dust.
You feel strangely unstable. Something hits you but does no damage.
The bullfrog hits you.
A hell rat scurries out from under your cloak.
Something hits you!
You die...

## $. #. #$### #... ## #
)S# ... #.###)# ....
#....@#.......
.......#.rF...#..##....#
...###.#.###..#..##....#
.......#...............#
........%#............#
##...###.#............#
#.......#...#........#
.......(.....#........#
.)......###..#.......<#


You could see a bullfrog, an adder and a friendly hell rat (wandering).

Vanquished Creatures
  Grinder (D:3)
  Menkaure (D:4)
  A water moccasin (D:4)
  A sky beast (D:6)
  An ogre (D:4)
  A centaur (D:6)
  A phantom (D:5)
  A bullfrog (D:4)
  3 scorpions (D:5)
  2 hounds
  2 orc priests
  Jessica (D:3)
  2 iguanas (D:4)
  Terence (D:3)
  A hell rat (D:5)
  An orc wizard (D:4)
  Natasha (twice) (D:2)
  Robin (D:2)
  14 river rats (D:5)
  5 adders
  An ufetubus (D:5)
  14 orcs
  5 endoplasms
  6 giant cockroaches
  13 goblins
  14 hobgoblins
  6 jackals (D:1)
  3 quokkas
  3 ball pythons
  7 bats
  A frilled lizard (D:2)
  10 kobolds
  4 rats
130 creatures vanquished.

Vanquished Creatures (collateral kills)
  An ice beast (D:6)
  An orc (D:6)
2 creatures vanquished.

Grand Total: 132 creatures vanquished

Notes
Turn   | Place    | Note
-------+----------+-------------------------------------------
     0 | D:1      | qw the Gargoyle Hunter began the quest for the Orb.
     0 | D:1      | Reached XP level 1. HP: 12/12 MP: 1/1
     0 | D:1      | 0 ||| qw: Version: 0.3-a-76-g4403597
     0 | D:1      | 0 ||| qw: Game counter: 11
     0 | D:1      | 0 ||| qw: Melee chars always use a shield: true
     0 | D:1      | 0 ||| qw: God list: Okawaru
     0 | D:1      | 0 ||| qw: Allow faded altars: false
     0 | D:1      | 0 ||| qw: Do Orc after clearing Dungeon:15 true
     0 | D:1      | 0 ||| qw: Do second Lair branch before Depths: true
     0 | D:1      | 0 ||| qw: Lair rune preference: random
     0 | D:1      | 0 ||| qw: Goals: Normal
     0 | D:1      | 0 ||| PLANNING D:1-11
    47 | D:1      | Reached XP level 2. HP: 12/17 MP: 2/2
   448 | D:1      | Reached XP level 3. HP: 21/21 MP: 3/3
   872 | D:1      | 872 ||| UPGRADING to +0 cloak.
   877 | D:1      | 877 ||| READING scroll labelled KYM WAGEADUCZU.
   878 | D:1      | 878 ||| DROPPING scroll of butterflies.
   929 | D:2      | Reached skill level 5 in Ranged Weapons
   972 | D:2      | Found Piyshrerph's Assorted Antiques.
   975 | D:2      | 975 ||| SHOPLISTING 3 scrolls labelled RIEREN SIETHA (75
                  | gold, have 68).
   975 | D:2      | 975 ||| SHOPLISTING blackened wooden wand (100 gold, have
                  | 68).
   975 | D:2      | 975 ||| BUYING fizzy pink potion (22 gold).
   975 | D:2      | Bought a fizzy pink potion for 22 gold pieces
   975 | D:2      | 975 ||| BUYING grey potion (22 gold).
   975 | D:2      | Bought a grey potion for 22 gold pieces
   975 | D:2      | 975 ||| SHOPLISTING jewelled ring mail (225 gold, have 24).
   975 | D:2      | 975 ||| SHOPLISTING ring mail (100 gold, have 24).
   975 | D:2      | 975 ||| SHOPLISTING scroll labelled ONIXKE JUHAKH (25 gold,
                  | have 24).
   975 | D:2      | 975 ||| SHOPLISTING scroll labelled YBEJ BILOD (25 gold,
                  | have 24).
  1098 | D:2      | Noticed Robin
  1109 | D:2      | Killed Robin
  1110 | D:2      | Reached skill level 3 in Fighting
  1118 | D:2      | Reached XP level 4. HP: 28/28 MP: 4/4
  1315 | D:2      | Noticed Natasha
  1323 | D:2      | Killed Natasha
  1408 | D:2      | Noticed Natasha
  1415 | D:2      | Killed Natasha
  1544 | D:2      | Reached XP level 5. HP: 27/32 MP: 5/5
  1753 | D:2      | 1753 ||| UPGRADING to +0 helmet.
  1758 | D:2      | 1758 ||| UPGRADING to +0 ring mail.
  1768 | D:2      | 1768 ||| DROPPING +0 leather armour.
  1769 | D:2      | 1769 ||| READING scroll labelled PIMPOVUIGEA.
  1870 | D:2      | 1870 ||| READING scroll labelled HEUQEARIAM.
  1871 | D:2      | 1871 ||| READING scroll labelled ONIXKE JUHAKH.
  1872 | D:2      | 1872 ||| READING scroll labelled MATIEDECR WIURGH.
  1873 | D:2      | 1873 ||| READING scroll labelled RIEREN SIETHA.
  1874 | D:2      | 1874 ||| DRINKING 2 grey potions.
  1912 | D:3      | Identified the amulet "Amopn" {RegenMP Str+5 Int-5 Stlth+}
  2015 | D:3      | Noticed Jessica
  2028 | D:3      | Killed Jessica
  2029 | D:3      | Reached skill level 1 in Armour
  2030 | D:3      | Reached skill level 6 in Ranged Weapons
  2069 | D:3      | Noticed Terence
  2069 | D:3      | Noticed Grinder
  2070 | D:3      | 2070 ||| RETREATING.
  2077 | D:3      | Killed Terence
  2108 | D:3      | Paralysed by Grinder for 4 turns
  2121 | D:3      | Paralysed by Grinder for 4 turns
  2127 | D:3      | Killed Grinder
  2128 | D:3      | Reached XP level 6. HP: 32/40 MP: 6/6
  2469 | D:3      | 2469 ||| UPGRADING to +0 pair of gloves.
  2474 | D:3      | 2474 ||| UPGRADING to +1 robe of willpower.
  2484 | D:3      | 2484 ||| UPGRADING to amulet "Amopn" {RegenMP Str+5 Int-5
                  | Stlth+}.
  2489 | D:3      | 2489 ||| READING scroll labelled MUFEQO CUOL.
  2490 | D:3      | 2490 ||| READING scroll labelled OFIEGE HONOLOA.
  2491 | D:3      | 2491 ||| READING scroll labelled YSEDOI BESTROPS.
  2522 | D:3      | 2522 ||| DRINKING 2 glowing amethyst potions.
  2540 | D:4      | 2540 ||| STAIRDANCE
  2564 | D:4      | Noticed Menkaure
  2569 | D:4      | 2569 ||| Stepping ~*~*~tactically~*~*~ (retreating).
  2572 | D:4      | 2572 ||| Stepping ~*~*~tactically~*~*~ (retreating).
  2573 | D:4      | 2573 ||| Stepping ~*~*~tactically~*~*~ (retreating).
  2574 | D:4      | 2574 ||| Stepping ~*~*~tactically~*~*~ (retreating).
  2575 | D:4      | 2575 ||| Stepping ~*~*~tactically~*~*~ (retreating).
  2576 | D:4      | 2576 ||| Stepping ~*~*~tactically~*~*~ (retreating).
  2577 | D:4      | 2577 ||| Stepping ~*~*~tactically~*~*~ (retreating).
  2579 | D:4      | Killed Menkaure
  2580 | D:4      | Reached XP level 7. HP: 17/44 MP: 7/7
  2693 | D:4      | Found Gudaig's Antique Weapon Boutique.
  2701 | D:4      | 2701 ||| SHOPLISTING glowing sling (112 gold, have 108).
  2780 | D:4      | 2780 ||| Stepping ~*~*~tactically~*~*~ (outnumbered).
  2784 | D:4      | Reached skill level 7 in Ranged Weapons
  2784 | D:4      | 2784 ||| Stepping ~*~*~tactically~*~*~ (outnumbered).
  2786 | D:4      | 2786 ||| Stepping ~*~*~tactically~*~*~ (outnumbered).
  2817 | D:4      | 2817 ||| FLEEEEING.
  2818 | D:4      | 2818 ||| FLEEEEING.
  2819 | D:4      | 2819 ||| FLEEEEING.
  3055 | D:4      | Found Patriq's Weapon Emporium.
  3070 | D:4      | 3070 ||| SHOPLISTING +3 shortbow of freezing (268 gold,
                  | have 128).
  3084 | D:4      | Found Decril's Antique Armour Boutique.
  3096 | D:4      | 3096 ||| BUYING pair of boots (81 gold).
  3096 | D:4      | Bought a pair of boots for 81 gold pieces
  3096 | D:4      | 3096 ||| SHOPLISTING runed cloak (135 gold, have 47).
  3157 | D:4      | Found Inilir's Distillery.
  3161 | D:4      | 3161 ||| SHOPLISTING 2 potions of enlightenment (140 gold,
                  | have 47).
  3161 | D:4      | 3161 ||| BUYING potion of curing (42 gold).
  3161 | D:4      | Bought a potion of curing for 42 gold pieces
  3161 | D:4      | 3161 ||| SHOPLISTING potion of curing (42 gold, have 5).
  3161 | D:4      | 3161 ||| SHOPLISTING potion of enlightenment (70 gold, have
                  | 5).
  3161 | D:4      | 3161 ||| SHOPLISTING potion of might (56 gold, have 5).
  3364 | D:4      | Found Bohef's Antique Armour Shop.
  3367 | D:4      | 3367 ||| SHOPLISTING glowing robe (81 gold, have 5).
  3452 | D:4      | 3452 ||| UPGRADING to +0 pair of boots.
  3457 | D:4      | 3457 ||| READING 2 scrolls labelled XIRCHA MOVIOSTA.
  3458 | D:4      | 3458 ||| READING scroll labelled CUM RUALOE.
  3463 | D:4      | 3463 ||| READING 2 scrolls of identify.
  3463 | D:4      | 3463 ||| IDENTIFYING fizzy pink potion
  3464 | D:4      | 3464 ||| DROPPING potion of lignification.
  3465 | D:4      | 3465 ||| DROPPING scroll of blinking.
  3488 | D:5      | Entered Level 5 of the Dungeon
  3492 | D:5      | 3492 ||| STAIRDANCE
  3510 | D:4      | Reached skill level 8 in Ranged Weapons
  3510 | D:4      | Reached XP level 8. HP: 41/50 MP: 8/8
  3706 | D:5      | Reached skill level 9 in Ranged Weapons
  4001 | D:5      | Reached skill level 6 in Fighting
  4054 | D:5      | Found the +2 ratskin cloak {*Rats rPois rN+ Str-1 Int-1
                  | Dex+1}
  4437 | D:5      | 4437 ||| UPGRADING to +1 ring mail of willpower.
  4447 | D:5      | 4447 ||| UPGRADING to +2 ratskin cloak {*Rats rPois rN+
                  | Str-1 Int-1 Dex+1}.
  4457 | D:5      | 4457 ||| REMOVING amulet "Amopn" {RegenMP Str+5 Int-5
                  | Stlth+}.
  4462 | D:5      | 4462 ||| DROPPING +0 cloak.
  4463 | D:5      | 4463 ||| DROPPING +0 ring mail.
  4464 | D:5      | 4464 ||| DROPPING +1 robe of willpower.
  4465 | D:5      | 4465 ||| READING 2 scrolls of identify.
  4465 | D:5      | 4465 ||| IDENTIFYING fizzy cyan potion
  4503 | D:6      | Reached skill level 3 in Armour
  4567 | D:6      | 4567 ||| SWAPPING to +0 orcbow.
  4568 | D:6      | 4568 ||| DROPPING +0 shortbow.
  4606 | D:6      | Reached skill level 10 in Ranged Weapons
  4616 | D:6      | Reached XP level 9. HP: 19/55 MP: 9/9
  4617 | D:6      | HP: 13/55 [something (6)]
  4620 | D:6      | 4620 ||| READING scroll of teleportation.
  4620 | D:6      | HP: 6/55 [bullfrog (1)]
  4620 | D:6      | Slain by an unseen horror

Levels and vault maps discovered:
D:1:      dpeg_arrival_fog, layout_loops_corners
D:2:      minmay_wonky_spiral, layout_basic, serial_shops, shop,
          uniq_crazy_yiuf_cottage, uniq_robin, uniq_natasha
D:3:      layout_loops_ring, uniq_jessica, uniq_terence, uniq_grinder
D:4:      nicolae_cairo_tiling_very_big, layout_cave_pools, serial_shops, shop,
          nicolae_shop_back_alley_shop, kennysheep_mini, nicolae_shop_peninsula,
          nicolae_shop_advertising_works [nicolae_subvault_shop_adworks],
          uniq_menkaure
D:5:      wander_guarded_unrand_ratskin, layout_basic
D:6:      hangedman_cross_stitches, layout_gridville,
          minmay_fractal_squares_diagonal_5, uniq_duvessa

Skill      XL: |  1  2  3  4  5  6  7  8 |
---------------+-------------------------+-----
Ranged Weapons | 5 6 8 10 | 10.0
Fighting       | 3 5 6 |  6.0
Armour         | 1 3 |  3.3
Dodging        | 2 |  2.1
Stealth        | |  1.1

Action                     |  1- 3 |  4- 6 |  7- 9 || total
---------------------------+-------+-------+-------++-------
   Fire: Shortbow          |   115 |   139 |   340 ||   594
         Orcbow            |       |       |    31 ||    31
    Use: Scroll            |     1 |     8 |     5 ||    14
         Potion            |       |     2 |       ||     2
 Armour: Leather armour    |    36 |    16 |       ||    52
         Ring mail         |       |    24 |    33 ||    57
         Robe              |       |    15 |   122 ||   137
  Dodge: Dodged            |    36 |    41 |   117 ||   194

Table legend:
 A = Non-vault XP
 B = Vault XP
 C = Vault XP percentage of total XP
 D = Non-vault monster count
 E = Vault monster count
 F = Vault count percentage of total count
                 A         B        C        D         E       F
            +---------+---------+-------+---------+---------+-------
      Total |    1251 |    1137 |  47.6 |      90 |      42 |  31.8
            +---------+---------+-------+---------+---------+-------
        D:1 |      38 |       0 |   0.0 |      23 |       0 |   0.0
        D:2 |      56 |      91 |  61.9 |      13 |      18 |  58.1
        D:3 |      27 |     345 |  92.7 |      15 |       3 |  16.7
        D:4 |     582 |     172 |  22.8 |      24 |       1 |   4.0
        D:5 |     436 |     222 |  33.7 |      14 |      15 |  51.7
        D:6 |     112 |     307 |  73.3 |       1 |       5 |  83.3
            +---------+---------+-------+---------+---------+-------
